 Dungeon Crawl Stone Soup version 0.30-a0-6-g7c9e10e132 (webtiles) character file.

Game seed: 6458392079035308903

38 fingers the Trooper (level 3, -2/33 HPs)
             Began as a Draconian Berserker on Aug 22, 2022.
             Was a Believer of Trog.
             Slain by a hobgoblin (5 damage)
             ... led by Robin
             ... on level 2 of the Dungeon.
             The game lasted 00:05:13 (1689 turns).

fingers the Trooper (Draconian Berserker)           Turns: 1689, Time: 00:05:14

Health: -2/33      AC:  5    Str: 21    XL:     3   Next: 25%
Magic:  3/3        EV: 12    Int:  7    God:    Trog [**....]
Gold:   6          SH:  3    Dex: 10    Spells: 2/2 levels left

rFire   . . .      SeeInvis .    a - +0 mace
rCold   . . .      Faith    .    g - +0 buckler
rNeg    . . .      Spirit   .    (body armour unavailable)
rPois   .          Reflect  .    (helmet restricted)
rElec   .          Harm     .    (no cloak)
rCorr   .          Rampage  .    (no gloves)
Will    .....                    (no boots)
Stlth   +.........               (no amulet)
HPRegen 0.11/turn                (no ring)
MPRegen 0.08/turn                (no ring)

@: no status effects
A: AC +5, unfitting armour, cold-blooded
a: Renounce Religion, Berserk, Trog's Hand


You were on level 2 of the Dungeon.
You worshipped Trog.
Trog was pleased with you.
You visited 1 branch of the dungeon, and saw 2 of its levels.

You collected 114 gold pieces.
You spent 108 gold pieces at shops.

Inventory:

Hand Weapons
 a - a +0 mace (weapon)
Armour
 g - a +0 buckler (worn)
Jewellery
 j - a ring of magical power
Scrolls
 b - a scroll of brand weapon {unknown}
 d - a scroll of immolation {unknown}
 f - 2 scrolls of identify {unknown}
 h - a scroll of magic mapping {unknown}
 i - a scroll of enchant armour {unknown}
 l - a scroll of blinking {unknown}
Potions
 c - 2 potions of curing {unknown}
 e - 2 potions of haste
 k - 3 potions of lignification


   Skills:
 + Level 3.7 Fighting
 - Level 3.0(3.3) Maces & Flails
 * Level 2.0(2.8) Staves
 + Level 3.0 Dodging


You had 2 spell levels left.
You didn't know any spells.
Your spell library was empty.

Dungeon Overview and Level Annotations

Branches:
Dungeon (2/15)

Altars:

Shops:
D:2 !

Annotations:
D:2 Robin


Innate Abilities, Weirdness & Mutations

Your plain brown scales are hard. (AC +5)
You cannot fit into any form of body armour.
You are cold-blooded and may be slowed by cold attacks.


Message History

The goblin unwields a +0 dagger.
The goblin wields a +0 sling.
The goblin shoots a sling bullet.
The sling bullet hits you.
* * * LOW HITPOINT WARNING * * *
The goblin no longer looks unusually strong.
Robin throws the goblin at you!
The goblin unwields a +0 sling.
The goblin wields a +0 dagger.
The goblin closely misses you. The goblin hits you with a +0 dagger.
* * * LOW HITPOINT WARNING * * *
Things that are here:
a +0 club; 4 stones; a kobold skeleton You barely miss the goblin.
The goblin no longer looks unusually strong.
The goblin hits you with a +0 dagger.
* * * LOW HITPOINT WARNING * * *
Robin closely misses you.
You hit the goblin.
You kill the goblin!
Trog accepts your kill. Robin hits you but does no damage.
You hit the hobgoblin.
Your tail-slap misses the hobgoblin.
The hobgoblin is almost dead.
The hobgoblin no longer looks unusually strong.
Robin closely misses you.
You hit the hobgoblin.
You kill the hobgoblin!
Trog accepts your kill.
Robin roars a battlecry!
The goblins go into a battle-frenzy!
Your Staves skill increases to level 2!
The goblin attacks as you move away! You block the goblin's attack.
The goblin no longer looks unusually strong.
Robin throws the goblin at you!
You closely miss the goblin.
The goblin no longer looks unusually strong.
The goblin barely misses you.
Robin roars a battlecry!
The goblins go into a battle-frenzy!
The goblin misses you. The goblin closely misses you.
The goblin hits you but does no damage. The hobgoblin hits you.
You die...

#.........# #...........
#.........# #...........
#.........# #...........
##.......#######...........
#.......#.................
#.......#.................
#.......#.......######....
..g#####.[.).g.g...............
..gg..).)...)g@g...............
...######.##g#######......#....
#.##... #......##### #.#####..
#......# #.# .# #......#### #..
.##.........## ###
####'#####.#. #.####'## #.#.
#.......####...


You could see Robin, a hobgoblin (strong) and 3 goblins.

Vanquished Creatures
  An orc (D:2)
  5 endoplasms
  9 goblins
  4 hobgoblins
  3 quokkas
  A bat (D:1)
  3 frilled lizards (D:1)
  3 kobolds
  4 rats
33 creatures vanquished.

Vanquished Creatures (others)
  3 fungi (D:1)
  2 toadstools (D:1)
5 creatures vanquished.

Grand Total: 38 creatures vanquished

Notes
Turn   | Place    | Note
-------+----------+-------------------------------------------
     0 | D:1      | fingers the Draconian Berserker began the quest for the
                  | Orb.
     0 | D:1      | Reached XP level 1. HP: 19/19 MP: 1/1
   476 | D:1      | Reached skill level 1 in Staves
   476 | D:1      | Reached XP level 2. HP: 26/26 MP: 2/2
   816 | D:1      | Found a faded altar of an unknown god.
  1187 | D:2      | Found Risheuxiut's Distillery.
  1194 | D:2      | Reached ** piety under Trog
  1262 | D:2      | Bought 2 potions of lignification for 72 gold pieces
  1262 | D:2      | Bought a potion of lignification for 36 gold pieces
  1443 | D:2      | Reached XP level 3. HP: 11/31 MP: 3/3
  1662 | D:2      | Noticed Robin
  1689 | D:2      | Slain by a hobgoblin

Illustrated notes

Levels and vault maps discovered:
D:1:      dpeg_arrival_circle_labyrinth_c, layout_basic,
          dilly_ecumenical_altar_fadedgnrine, minmay_gold_behind_fungi,
          interstate_on_off
D:2:      minmay_general_purpose_star, layout_basic, serial_shops, shop,
          nicolae_shop_bloodbath_and_beyond, nicolae_shop_trees,
          nicolae_shop_hallway_plus, uniq_robin

Skill      XL: |  1  2  3 |
---------------+----------+-----
Staves         | 1 2 |  2.0
Dodging        | 3 |  3.0
Fighting       | |  3.7
Maces & Flails | |  3.0

Action                   || total
-------------------------++-------
Melee: Mace              ||    95
       Tailslap          ||    12
  Use: Potion            ||     1
Armor: Skin              ||    34
Dodge: Dodged            ||    64
Block: Buckler           ||    13

Table legend: (Time is in decaauts)
 A = Elapsed time spent in this place.
 B = Non-inter-level travel time spent in this place.
 C = Inter-level travel time spent in this place.
 D = Time resting spent in this place.
 E = Time spent auto-exploring this place.
 F = Levels seen in this place.
 G = Mean time per level.
                   A        B        C        D        E       F      G
               +--------+--------+--------+--------+--------+-----+--------+
         Total |   1699 |   1654 |     45 |    559 |    467 |   2 |  849.5 |
       Dungeon |   1699 |   1654 |     45 |    559 |    467 |   2 |  849.5 |
               +--------+--------+--------+--------+--------+-----+--------+

Top non-repeatable levels by time:
     D:1: 1184 daAuts
     D:2: 515 daAuts
